 Dungeon Crawl Stone Soup version 0.28.0-47-ge53b351184 (webtiles) character file.

Game seed: 1183233046024730786

20433 pkoi the Frost Mage (level 12, -4/69 (92) HPs)
             Began as a Demigod Venom Mage on Apr 27, 2022.
             Slain by a spectral orc warlord (13 damage)
             ... summoned by Nergalle
             ... on level 10 of the Dungeon.
             The game lasted 00:28:21 (15390 turns).

pkoi the Frost Mage (Demigod Venom Mage)           Turns: 15390, Time: 00:28:21

HP:   -4/69 (92)    AC:  5    Str:  9    XL:     12   Next: 16%
MP:   19/25         EV: 16    Int: 33    God:
Gold: 635           SH:  0    Dex: 14    Spells: 8/23 levels left

rFire   + + +      SeeInvis .   y - +9 mace "Qireargh Afukh" {flame, rF+++}
rCold   . . .      Faith    .   (no shield)
rNeg    . . .      Spirit   .   o - +1 robe of Vines {NoPotionHeal Regen++++}
rPois   .          Reflect  .   (no helmet)
rElec   .          Harm     .   M - +0 cloak
rCorr   .          Rampage  .   (no gloves)
Will    +....                   J - +0 pair of boots
Stlth   +++.......              (no amulet)
HPRegen 3.41/turn               E - +4 ring of evasion
MPRegen 0.19/turn               B - +4 ring of slaying

@: very heavily drained
A: high MP 1, forlorn, divine attributes
a: no special abilities


You were on level 10 of the Dungeon.
You visited 1 branch of the dungeon, and saw 10 of its levels.
You also visited: Ossuary and Bailey.

You collected 635 gold pieces.

Inventory:

Hand Weapons
 c - a +2 short sword of holy wrath
 k - a +1 short sword of venom
 l - a +0 dagger of speed
 m - a +1 dagger of electrocution
 y - the +9 mace "Qireargh Afukh" (weapon) {flame, rF+++}
   (You found it on level 6 of the Dungeon)

   It burns those it strikes, dealing additional fire damage.
   rF:        It renders you almost immune to fire.
Missiles
 j - a throwing net
Armour
 a - a +1 robe
 o - the +1 robe of Vines (worn) {NoPotionHeal Regen++++}
   (You found it on level 3 of the Dungeon)

   Its wearer cannot be healed by potions.
   Regen:     It increases your rate of health regeneration.
 H - a +0 leather armour
 J - a +0 pair of boots (worn)
 M - a +0 cloak (worn)
Jewellery
 b - a ring of fire
 e - a ring of see invisible
 B - a +4 ring of slaying (right hand)
 E - a +4 ring of evasion (left hand)
Wands
 g - a wand of digging (6)
 z - a wand of charming (9)
 C - a wand of mindburst (6)
 D - a wand of paralysis (4)
 F - a wand of acid (18)
 G - a wand of iceblast (8)
Scrolls
 d - 2 scrolls of fear
 f - 3 scrolls of amnesia
 i - 2 scrolls of identify
 t - 3 scrolls of enchant weapon
 v - a scroll of enchant armour
 x - 2 scrolls of summoning
 I - a scroll of fog
Potions
 h - 2 potions of heal wounds
 n - a potion of lignification
 p - a potion of berserk rage
 q - 3 potions of flight
 r - 4 potions of curing
 s - a potion of resistance
 u - a potion of ambrosia
 w - a potion of brilliance
 A - 2 potions of cancellation
 K - 3 potions of haste


   Skills:
 + Level 4.5 Fighting
 - Level 3.0 Short Blades
 + Level 4.6 Armour
 - Level 1.7 Dodging
 + Level 3.9 Stealth
 - Level 6.0 Spellcasting
 - Level 6.0 Conjurations
 - Level 1.0 Transmutations
 + Level 9.9 Ice Magic
 - Level 6.0 Air Magic
 + Level 7.7 Poison Magic
 + Level 3.8 Evocations


You had 8 spell levels left.
You knew the following spells:

 Your Spells              Type           Power      Damage    Failure   Level
a - Sting                 Tmut/Pois      100%       1d8       1%          1
b - Poisonous Vapours     Pois/Air       100%       N/A       1%          2
c - Static Discharge      Conj/Air       49%        N/A       1%          2
d - Mephitic Cloud        Conj/Pois/Air  52%        N/A       1%          3
e - Ozocubu's Armour      Ice            66%        N/A       1%          3
f - Olgreb's Toxic Radia  Pois           57%        N/A       1%          4

Your spell library contained the following spells:

 Spells                   Type           Power      Damage    Failure   Level
 Beastly Appendage        Tmut           32%        N/A       2%          1
 Spider Form              Tmut/Pois      38%        N/A       2%          3
 Wereblood                Tmut           16%        N/A       4%          2
 Sticky Flame             Conj/Fire      29%        2d5       12%         4
 Dispel Undead            Necr           9%         3d8       38%         4
 Ozocubu's Refrigeration  Ice            33%        4d11      52%         7


Dungeon Overview and Level Annotations

Branches:
Dungeon (10/15)            Temple (0/1) D:7             Orc (0/2) D:9
Ossuary (visited)          Bailey (visited)
   Lair: D:8-11

Shops:
D:4 (

Annotations:
D:10 Nergalle


Innate Abilities, Weirdness & Mutations

You have an increased reservoir of magic. (+10% MP)
You shall have no god before yourself.
Your divine heritage dramatically boosts your attributes as you level up.


Message History

Press: ? - help, Shift-Dir - straight line, f/p - Nergalle
Aim: Nergalle, wielding a +0 dagger and wearing a +0 robe (heavily wounded, extremely poisoned, chance to affect: 53%)
The ball explodes into a vile cloud!
The stinking cloud engulfs Nergalle but does no damage.
Nergalle is heavily wounded.
The stinking cloud engulfs the spectral orc warrior but does no damage.
The spectral orc warrior barely misses you.
Nergalle is engulfed in noxious fumes.
Nergalle casts a spell at you.
Orcish apparitions take form around you.
Unknown command.
Nergalle is engulfed in noxious fumes.
Nergalle appears confused.
The spectral orc misses you.
Casting: Mephitic Cloud (safe; 1% risk of failure)
Confirm with . or Enter, or press ? or * to list all spells.
Aiming: Poisonous Vapours (safe; 1% risk of failure)
Press: ? - help, Dir - move target, f/p - Nergalle
Aim: Nergalle, wielding a +0 dagger and wearing a +0 robe (noxious fumes, heavily wounded, confused, very poisoned) Poisonous vapours surround Nergalle!
Nergalle looks as sick as possible!
The spectral orc warrior barely misses you.
Nergalle is engulfed in noxious fumes.
Nergalle appears confused.
The spectral orc misses you.
Nergalle is engulfed in noxious fumes.
Nergalle hits the spectral orc warlord but does no damage.
The spectral orc warrior hits you with a +0 battleaxe!
* * * LOW HITPOINT WARNING * * *
You feel drained.
* * * LOW HITPOINT WARNING * * *
The spectral orc warlord hits you but does no damage.
The spectral orc warrior barely misses you.
Really walk into that cloud of noxious fumes?
Okay, then.
Unknown command.
The spectral orc warlord hits you!!
* * * LOW HITPOINT WARNING * * *
You feel drained.
* * * LOW HITPOINT WARNING * * *
Unknown command.
The spectral orc warlord hits you!
You die...

#. #.#### #....#
###....# #......#
#......+ #...Z..#
#...o@.# #..ZZ°.#
#...°○.# #####'##
##+# #.....# #..#
###+### ##'#####
#.# ......#
#.....# ####'###
......# #.....+
#......#
......#####.....#
#......+...


You could see Nergalle (confused, extremely poisoned), a spectral orc
(summoned), a spectral orc warrior (summoned) and a spectral orc warlord
(summoned).

Vanquished Creatures
  2 vault guards (Bailey)
  Erica (D:10)
  A two-headed ogre (D:7)
  3 trolls
  Grinder (D:6)
  Prince Ribbit (D:6)
  A blink frog (Bailey)
  A wraith (D:9)
  Eustachio (D:6)
  9 yaks
  6 humans (Bailey)
  2 water moccasins
  Duvessa (D:6)
  9 orc warriors
  An ice beast (D:5)
  4 sky beasts
  A black bear (D:5)
  A hornet zombie (D:8)
  3 wolves (D:10)
  A necrophage (D:6)
  2 ogres (D:4)
  A centaur (D:9)
  2 kobold brigands (D:8)
  Blork the orc (D:6)
  A gnoll sergeant (D:8)
  16 bullfrogs
  2 wyvern zombies (D:6)
  A scorpion (D:7)
  A water moccasin skeleton (D:5)
  Dowan (D:6)
  10 killer bees (D:10)
  10 wights
  3 howler monkeys (D:10)
  5 centaur zombies
  8 hounds
  A jelly (D:8)
  A gnoll shaman (D:9)
  8 orc priests
  2 bullfrog zombies (D:6)
  A human zombie (D:6)
  2 iguanas
  Jessica (D:3)
  9 orc wizards
  Terence (D:3)
  A howler monkey zombie (D:6)
  3 mummies
  Robin (D:3)
  11 gnolls
  3 adders
  A shadow imp (D:8)
  A white imp (D:8)
  3 ufetubi
  9 adder zombies (Ossuary)
  2 worms
  A dart slug (D:1)
  42 orcs
  5 endoplasms
  A giant cockroach (D:1)
  A gnoll zombie (Ossuary)
  8 hobgoblins
  6 jackals
  3 quokkas
  8 ball pythons
  11 bats
  A frilled lizard (D:1)
  16 goblins
  6 hobgoblin zombies (Ossuary)
  26 kobolds
  4 kobold zombies (Ossuary)
  4 orc zombies (Ossuary)
  5 rats
323 creatures vanquished.

Vanquished Creatures (others)
  A fungus (D:6)
1 creature vanquished.

Grand Total: 324 creatures vanquished

Notes
Turn   | Place    | Note
-------+----------+-------------------------------------------
     0 | D:1      | pkoi the Demigod Venom Mage began the quest for the Orb.
     0 | D:1      | Reached XP level 1. HP: 14/14 MP: 5/5
   107 | D:1      | Reached skill level 1 in Transmutations
   927 | D:1      | Reached XP level 2. HP: 15/20 MP: 1/7
   962 | D:1      | HP: 1/20 [frozen (2)]
  1627 | D:1      | Learned a level 2 spell: Poisonous Vapours
  1892 | D:1      | Reached XP level 3. HP: 26/26 MP: 5/9
  3090 | D:3      | Noticed Terence
  3104 | D:3      | Killed Terence
  3105 | D:3      | Reached skill level 1 in Air Magic
  3105 | D:3      | Reached XP level 4. HP: 33/33 MP: 5/10
  3483 | D:3      | Learned a level 2 spell: Static Discharge
  3487 | D:3      | Learned a level 3 spell: Mephitic Cloud
  3774 | D:3      | Noticed Jessica
  3782 | D:3      | Killed Jessica
  4120 | D:3      | Reached XP level 5. HP: 38/38 MP: 10/12
  4931 | D:3      | Noticed Robin
  4937 | D:3      | Reached skill level 1 in Conjurations
  4948 | D:3      | Killed Robin
  5158 | D:3      | Found the +1 robe of Vines {NoPotionHeal Regen++++}
  5604 | D:4      | Found Haz Key's Antique Weapon Shoppe.
  5627 | D:4      | Found a sand-covered staircase.
  5639 | Ossuary  | Entered an ossuary
  5953 | D:4      | Reached skill level 1 in Short Blades
  5953 | D:4      | Reached XP level 6. HP: 46/46 MP: 1/13
  6114 | D:4      | Reached skill level 1 in Fighting
  6350 | D:4      | Learned a level 3 spell: Ozocubu's Armour
  6902 | D:5      | Entered Level 5 of the Dungeon
  7002 | D:5      | Reached XP level 7. HP: 53/53 MP: 6/14
  7179 | D:5      | Noticed a troll
  7250 | D:5      | Killed a troll
  7251 | D:5      | Reached skill level 1 in Ice Magic
  7800 | D:5      | Reached skill level 5 in Poison Magic
  8371 | D:5      | Reached XP level 8. HP: 60/62 MP: 9/15
  8626 | D:6      | Reached skill level 2 in Ice Magic
  8697 | D:6      | Noticed Grinder
  9354 | D:6      | Noticed Eustachio
  9356 | D:6      | Noticed Prince Ribbit
  9381 | D:6      | Killed Eustachio
  9394 | D:6      | Killed Prince Ribbit
  9395 | D:6      | Reached skill level 3 in Ice Magic
  9707 | D:6      | Identified the +9 mace "Qireargh Afukh" {flame, rF+++}
  9749 | D:6      | Killed Grinder
 10027 | D:6      | Reached XP level 9. HP: 57/68 MP: 18/18
 10494 | D:6      | Noticed Duvessa
 10495 | D:6      | Noticed Blork the orc
 10495 | D:6      | Noticed Dowan
 10508 | D:6      | Killed Dowan
 10517 | D:6      | Killed Duvessa
 10518 | D:6      | Reached skill level 5 in Air Magic
 10518 | D:6      | Killed Blork the orc
 10519 | D:6      | Reached skill level 1 in Armour
 10519 | D:6      | Reached skill level 1 in Evocations
 10768 | D:7      | Learned a level 4 spell: Olgreb's Toxic Radiance
 10945 | D:7      | HP: 2/57 [wight/+2 war axe (7)]
 11229 | D:7      | Reached skill level 4 in Ice Magic
 11451 | D:7      | Found a staircase to the Ecumenical Temple.
 11897 | D:8      | Noticed a two-headed ogre
 11921 | D:7      | Killed a two-headed ogre
 11922 | D:7      | Reached skill level 5 in Conjurations
 12066 | D:8      | Found a flagged portal.
 12093 | D:8      | Reached XP level 10. HP: 67/75 MP: 7/20
 12096 | Bailey   | Entered a bailey
 12649 | Bailey   | Reached skill level 5 in Spellcasting
 12784 | Bailey   | Noticed a vault guard
 12795 | Bailey   | Reached skill level 5 in Ice Magic
 12827 | Bailey   | Killed a vault guard
 12963 | Bailey   | Noticed a vault guard
 12996 | Bailey   | Killed a vault guard
 13210 | D:8      | Reached skill level 9 in Ice Magic
 13210 | D:8      | Reached XP level 11. HP: 83/83 MP: 23/23
 14499 | D:9      | Found a staircase to the Orcish Mines.
 14711 | D:10     | Entered Level 10 of the Dungeon
 14720 | D:10     | Reached XP level 12. HP: 25/91 MP: 16/24
 14960 | D:10     | Noticed Erica
 14973 | D:10     | Killed Erica
 15367 | D:10     | Noticed Nergalle
 15390 | D:10     | Slain by a spectral orc warlord

Illustrated notes

Levels and vault maps discovered:
D:1:      minmay_arrival_nine_rooms, layout_basic,
          shapermc_ecumenical_altar_notcrosses, hangedman_abyss_or_decor_stabs,
          minmay_tromino_v4_c
D:2:      layout_basic, grunt_ministairs_1
D:3:      layout_basic, cheibrodos_worm_habitat, eat_drink_and_be_merry_uskayaw,
          minmay_misc_feat_tower, uniq_robin, uniq_jessica, uniq_terence
D:4:      nicolae_cairo_tiling_very_big, layout_cave_pools, serial_shops, shop,
          lightli_ossuary_entry_decrepit_ruins
D:5:      layout_rooms, kennysheep_generic_room_6
D:6:      layout_rooms, lemuel_mausoleum_altar_kikubaaqudgha, elyvilon_altar_1,
          uniq_blork_the_orc, uniq_grinder, uniq_eustachio, uniq_prince_ribbit1,
          uniq_duvessa
D:7:      layout_rooms, minmay_temple_entry_glassed_door,
          hangedman_abyss_or_decor_lesser_grid, minivault_10,
          eino_small_chamber_without_monster
D:8:      layout_cave_pools, enter_bailey_2, chequers_serial_rivers_marsh
D:9:      layout_roguey, david_orc_4
D:10:     layout_roguey, grunt_temple_overflow_gold_and_silver,
          lemuel_blue_sif_altar, nicolae_hepliaklqana_monster_ancestors,
          erik_lair_island, hellmonk_guarded_unrand_gong, uniq_erica,
          uniq_nergalle

Skill      XL: |  1  2  3  4  5  6  7  8  9 10 11 12 |
---------------+-------------------------------------+-----
Transmutations | 1 |  1.0
Spellcasting   | 2 3 4 5 6 |  6.0
Poison Magic   | 3 4 5 6 7 |  7.7
Air Magic      | 1 2 3 4 5 6 |  6.0
Conjurations   | 1 2 3 4 5 6 |  6.0
Short Blades   | 1 2 3 |  3.0
Fighting       | 1 2 3 4 |  4.5
Stealth        | 2 3 |  3.9
Ice Magic      | 1 3 4 9 |  9.9
Armour         | 2 3 4 |  4.6
Evocations     | 2 3 |  3.8
Dodging        | |  1.7

Action                   |  1- 3 |  4- 6 |  7- 9 | 10-12 || total
-------------------------+-------+-------+-------+-------++-------
Melee: Short sword       |    21 |    97 |    70 |       ||   188
       Punch             |       |     1 |     3 |     3 ||     7
       Mace              |       |       |   128 |    82 ||   210
 Cast: Sting             |    85 |   122 |    70 |    47 ||   324
       Poisonous Vapours |     3 |    19 |    48 |    23 ||    93
       Olgreb's Toxic Ra |       |       |     8 |    37 ||    45
       Mephitic Cloud    |       |       |       |     1 ||     1
Evoke: Wand              |       |       |       |     1 ||     1
  Use: Scroll            |     7 |     8 |     8 |     4 ||    27
       Potion            |     1 |       |       |     2 ||     3
 Stab: Sleeping          |       |     2 |     6 |       ||     8
Armor: Robe              |    14 |    26 |    42 |    22 ||   104
Dodge: Dodged            |    40 |    80 |   209 |   172 ||   501
